AoeStats
← Sgt. Paulto

Arabia

508039230Analyzed
3v3 RM · 12d ago on Sep 20, 2026· 36m 17s· 6 players
Game mode
Random Map
Map size
Normal (6 player)
Population
200
Speed
Normal
Resources
Standard
Victory
Conquest
Starting age
Dark Age
Ending age
Imperial Age
RankedLock teamsTeams togetherTeam positionsShared explorationLock speedFull tech treeHidden civsTurbo modeCheats
Victory
Defeat
🇲🇽 Teutons · Mexico
898
+15
🇦🇺 Celts · Australia
853
+17
🇫🇷 Khmer · France
832
+18
🇺🇸 Celts · United States
926
-18
🇨🇱 Burmese · Chile
875
-22
🇺🇸 Spanish · United States
827
-27
richardcastores
3:00 Loom
9:45 Feudal Age
11:10 Wheelbarrow
10:20 Town Watch
10:23 Double-Bit Axe
11:06 Horse Collar
11:43 Gold Mining
20:56 Castle Age
19:42 Bloodlines
21:36 Scale Barding Armor
21:43 Forging
22:28 Hand Cart
23:05 Stone Mining
24:12 Fletching
25:03 Bow Saw
33:10 Town Patrol
33:39 Chain Barding Armor
33:55 Iron Casting
37:37 Imperial Age
36:11 Ballistics
35:54 Heavy Plow
36:22 Scale Mail Armor
Pukinskis
2:42 Loom
13:27 Feudal Age
14:24 Double-Bit Axe
17:26 Fletching
24:58 Castle Age
23:22 Horse Collar
24:12 Gold Mining
23:51 Man-at-Arms
25:11 Long Swordsman
26:21 Elite Skirmisher
29:14 Wheelbarrow
30:37 Heavy Plow
30:41 Bodkin Arrow
30:17 Crossbowman
31:03 Town Watch
36:46 Bow Saw
36:34 Stone Mining
lefebvre.mx
0:32 Loom
11:48 Feudal Age
12:18 Double-Bit Axe
12:16 Horse Collar
12:40 Gold Mining
16:57 Stone Mining
17:17 Scale Barding Armor
18:10 Forging
23:17 Castle Age
25:03 Gold Shaft Mining
24:44 Bloodlines
24:37 Husbandry
25:02 Chain Barding Armor
25:18 Iron Casting
25:05 Heavy Plow
26:20 Bow Saw
28:19 Tusk Swords
36:24 Imperial Age
Sgt. Paulto
1:07 Loom
10:44 Feudal Age
12:03 Wheelbarrow
12:38 Double-Bit Axe
14:27 Horse Collar
17:39 Gold Mining
25:36 Castle Age
25:58 Bloodlines
27:30 Heavy Plow
27:49 Bow Saw
30:21 Hand Cart
30:40 Scale Barding Armor
32:37 Pikeman
Blue_Silver
7:32 Loom
9:41 Feudal Age
13:48 Wheelbarrow
18:07 Forging
17:58 Scale Mail Armor
19:44 Man-at-Arms
22:34 Castle Age
21:44 Horse Collar
21:53 Double-Bit Axe
23:35 Bow Saw
23:14 Gambesons
22:52 Long Swordsman
25:20 Chain Mail Armor
25:47 Iron Casting
26:26 Pikeman
esteban.v.1994
2:08 Loom
8:39 Loom
11:55 Feudal Age
12:13 Feudal Age
17:32 Castle Age
21:06 Squires
24:17 Gambesons
24:40 Scale Mail Armor
25:36 Wheelbarrow
28:06 Forging
28:12 Chain Mail Armor
28:18 Hand Cart
27:49 Horse Collar
27:41 Man-at-Arms
27:41 Pikeman
28:10 Arson
29:19 Town Watch
29:52 Gold Mining
29:52 Stone Mining
29:25 Long Swordsman
31:00 Iron Casting
35:42 Town Patrol
Connection lost

Rejoining the realm…

Still unreachable

The connection could not be restored.

Session expired

The server has moved on; the page needs a fresh start.